 Dungeon Crawl Stone Soup version 0.14-a0-1297-g3d87a2a (webtiles) character file.

623 PolkaDot the Vexing (level 6, -6/41 HPs)
             Began as a Vampire Enchanter on Dec 4, 2013.
             Killed from afar by Ijyb (19 damage)
             ... with a wand of cold
             ... on Level 4 of the Dungeon.
             The game lasted 00:11:22 (2988 turns).

PolkaDot the Vexing (Vampire Enchanter)             Turns: 2988, Time: 00:11:22

HP  -6/41        AC  3     Str  7      XL: 6   Next: 75%
MP   3/10        EV 13     Int 17      God:
Gold 171         SH  0     Dex 16      Spells:  2 memorised,  5 levels left

rFire  . . .     SeeInvis +     m - +4,+2 elf dagger
rCold  . . .     Clarity  .     b - +1 robe
rNeg   . . .     Conserve .     (no shield)
rPois  .         rCorr    .     (no helmet)
rElec  .         rRot     .     (no cloak)
SustAb . .       Spirit   .     (no gloves)
rMut   .         Warding  .     (no boots)
Saprov . . .     Stasis   .     (no amulet)
                                (no ring)
                                (no ring)

@: regenerating quickly, flying, mildly poisoned, slightly resistant to hostile
enchantments, very stealthy
A: bottle blood, fangs 3, see invisible, unbreathing
a: Bottle Blood


You were on level 4 of the Dungeon.
You were full.

You visited 1 branch of the dungeon, and saw 4 of its levels.

You collected 171 gold pieces.

Inventory:

Hand weapons
 m - a +4,+2 elven dagger (weapon)
Missiles
 d - 9 darts (quivered)
Armour
 b - a +1 robe (worn)
Scrolls
 a - a scroll of fog {unknown}
 e - 4 scrolls of enchant weapon I {unknown}
 f - a scroll of magic mapping {unknown}
 h - a scroll of teleportation {unknown}
 i - 2 scrolls of identify {unknown}
 j - a scroll of curse jewellery {unknown}
 k - 3 scrolls of immolation {unknown}
 p - 3 scrolls of enchant weapon II {unknown}
 q - a scroll of enchant armour {unknown}
 r - a scroll of blinking {unknown}
Potions
 o - a potion of heal wounds
Books
 c - a book of Maledictions

   Spells                             Type                      Level
   *Corona                            Hexes                        1
   Sure Blade                         Hexes/Charms                 2
   Ensorcelled Hibernation            Hexes/Ice                    2
   *Confuse                           Hexes                        3
   Enslavement                        Hexes                        4
   Invisibility                       Hexes                        6


   Skills:
 + Level 4.8 Short Blades
 - Level 0.7 Throwing
 - Level 2.1 Dodging
 + Level 6.2 Stealth
 - Level 2.0 Spellcasting
 * Level 7.5 Hexes


You had 5 spell levels left.
You knew the following spells:

 Your Spells              Type           Power        Failure   Level  Hunger
a - Corona                Hex            ####...      1%          1    #......
c - Confuse               Hex            ####....     2%          3    ####...


Dungeon Overview and Level Annotations

Branches:
Dungeon (4/16)
 Temple: D:4-7

Altars:
Vehumet

Annotations:
D:4 Ijyb


Innate Abilities, Weirdness & Mutations

Your natural rate of healing is unusually fast.
You can bottle blood from corpses.
You have razor-sharp teeth.*
You have supernaturally acute eyesight.
You can survive without breathing.*


Message History

The hobgoblin appears confused.
* * * LOW MAGIC WARNING * * *
Things that are here:
a scythe of venom; a robe; a wand of slowing {zapped: 8} You catch the helpless hobgoblin completely off-guard!
You impale the hobgoblin!!
You kill the hobgoblin!
You feel sick.
You aren't carrying any corpses which you can drain.
There are several objects here.
Pick up a scythe of venom? ((y)es/(n)o/(a)ll/(m)enu/*?g,/q) Pick up a robe? ((y)es/(n)o/(a)ll/(m)enu/*?g,/q) Pick up a wand of slowing {zapped: 8}? ((y)es/(n)o/(a)ll/(m)enu/*?g,/q)
Okay, then.
You are too injured to fight recklessly!
* * * LOW HITPOINT WARNING * * *
You feel sick.
Ijyb shouts!
Ijyb zaps a wand.
The bolt of cold hits you!
You die...

#.......≈≈≈.....≈≈≈≈..#
##........≈.....≈≈≈≈≈≈..
#).............≈≈≈≈≈≈...
#.............≈≈≈≈≈≈≈...
#............≈≈≈≈≈≈....#
##...).....≈≈≈≈≈≈≈≈≈....
##..)....≈≈≈≈≈≈≈≈≈≈....
#......≈≈≈≈≈≈≈≈≈≈≈≈≈..
#....@...≈≈≈§§≈≈≈≈....
##.........≈≈≈≈≈......
#....................
......................
.......g................
..........[............
.............. .......
g......... ...... ...
#....


You could see Ijyb and a goblin (wandering).

Vanquished Creatures
  Sigmund (D:4)
  Blork the orc (D:4)
  2 orc priests
  An iguana (D:4)
  An orc wizard (D:4)
  A giant mite (D:4)
  8 adders
  An inept item mimic (D:4)
  3 worms
  6 giant geckos
  15 orcs
  2 ball pythons
  6 bats
  3 giant cockroaches
  8 hobgoblins
  2 jackals (D:2)
  9 kobolds
  A giant newt (D:1)
  6 goblins
  A kobold skeleton (D:4)
  2 orc skeletons (D:4)
  10 rats
90 creatures vanquished.

Notes
Turn   | Place    | Note
--------------------------------------------------------------
     0 | D:1      | PolkaDot, the Vampire Enchanter, began the quest for the Orb.
     0 | D:1      | Reached XP level 1. HP: 13/13 MP: 3/3
   432 | D:1      | Reached XP level 2. HP: 19/19 MP: 4/4
   710 | D:2      | Reached XP level 3. HP: 24/24 MP: 6/6
   752 | D:2      | Reached skill level 5 in Hexes
   986 | D:2      | Found a radiant altar of Vehumet.
  1244 | D:2      | Reached XP level 4. HP: 30/30 MP: 7/7
  1511 | D:3      | Learned a level 3 spell: Confuse
  1763 | D:3      | Reached XP level 5. HP: 22/35 MP: 6/9
  2172 | D:4      | Reached skill level 5 in Stealth
  2254 | D:4      | Reached skill level 6 in Hexes
  2515 | D:4      | Noticed Blork the orc
  2534 | D:4      | Killed Blork the orc
  2534 | D:4      | Reached XP level 6. HP: 30/41 MP: 6/10
  2684 | D:4      | Reached skill level 7 in Hexes
  2960 | D:4      | Noticed Sigmund
  2965 | D:4      | Noticed Ijyb
  2982 | D:4      | Killed Sigmund
  2988 | D:4      | Killed from afar by Ijyb

Action                   |  1- 3 |  4- 6 || total
-------------------------+-------+-------++-------
Melee: Dagger            |    93 |   247 ||   340
Throw: Dart              |     8 |     3 ||    11
 Cast: Corona            |     5 |     1 ||     6
       Confuse           |       |    11 ||    11
  Use: Potion            |     1 |     7 ||     8
 Stab: Sleeping          |     6 |     9 ||    15
       Invisible         |       |     5 ||     5
       Confused          |       |     6 ||     6
